 Dungeon Crawl Stone Soup version 0.30.0-11-gf55b779eaf (webtiles) character file.

Game seed: 9114377527555384082

420 Strat the Slasher (level 6, -6/48 HPs)
             Began as a Demonspawn Gladiator on May 16, 2023.
             Mangled by a black bear (11 damage)
             ... on level 8 of the Dungeon.
             The game lasted 00:09:29 (4043 turns).

Strat the Slasher (Demonspawn Gladiator)            Turns: 4043, Time: 00:09:29

Health: -6/48      AC:  6    Str: 15      XL:     6   Next: 62%
Magic:  0/6        EV: 13    Int:  8 (9)  God:
Gold:   293        SH:  0    Dex: 24      Spells: 5/5 levels left

rFire   + . .        a - +1 long sword
rCold   . . .        (no shield)
rNeg    . . .        y - +2 leather armour {rF+}
rPois   .            c - +0 helmet
rElec   .            (no cloak)
rCorr   +            (no gloves)
SInv    .            (no boots)
Will    .....        h - amulet of guardian spirit
Stlth   +++          n - +6 ring of dexterity
HPRegen 0.28/turn    x - ring of resist corrosion
MPRegen 0.10/turn

%: guardian spirit
@: no status effects
A: claws 1, demonic magic 2, thin skeletal structure 1, deterioration 1, sense
surroundings 1
a: no special abilities


You were on level 8 of the Dungeon.
You visited 1 branch of the dungeon, and saw 6 of its levels.

You collected 293 gold pieces.

Inventory:

Hand Weapons
 a - a +1 long sword (weapon)
Missiles
 d - 3 throwing nets (quivered)
 e - a javelin
 r - 10 poisoned darts
Armour
 b - a +0 leather armour
 c - a +0 helmet (worn)
 q - a +0 ring mail
 y - a +2 leather armour of fire resistance (worn)
Jewellery
 h - an amulet of guardian spirit (around neck)
 n - a +6 ring of dexterity (left claw)
 t - an amulet of faith
 x - a ring of resist corrosion (right claw)
Scrolls
 u - a scroll of vulnerability
Potions
 f - a potion of heal wounds
 m - a potion of flight
 o - a potion of curing {unknown}
 v - 2 potions of brilliance
 w - a potion of magic {unknown}
 z - a potion of haste {unknown}


   Skills:
 - Level 4.0 Fighting
 + Level 6.1 Long Blades
 - Level 1.7 Throwing
 - Level 2.6 Dodging


You had 5 spell levels left.
You didn't know any spells.
Your spell library contained the following spells:

 Spells                   Type           Power      Damage    Failure   Level
 Summon Small Mammal      Summ           0%         N/A       47%         1
 Sublimation of Blood     Necr           0%         N/A       63%         2
 Call Canine Familiar     Summ           0%         N/A       85%         3
 Summon Guardian Golem    Hex/Summ       0%         N/A       85%         3
 Volatile Blastmotes      Fire/Tloc      0%         2d10      85%         3
 Fulminant Prism          Conj/Hex       0%         3d5       99%         4
 Iskenderun's Mystic Bla  Conj/Tloc      0%         2d3       99%         4
 Leda's Liquefaction      Hex/Erth       0%         N/A       99%         4
 Petrify                  Tmut/Erth      0%         N/A       99%         4
 Irradiate                Conj/Tmut      0%         3d11      100%        5
 Lee's Rapid Deconstruct  Erth           0%         3d4*      100%        5
 Statue Form              Tmut/Erth      0%         N/A       100%        6


Dungeon Overview and Level Annotations

Branches:
Dungeon (5/15)
 Temple: D:4-7

Altars:
Makhleb
Qazlal

Shops:
D:1 ([   D:8 *


Innate Abilities, Weirdness & Mutations

You have sharp fingernails.
Spells you cast may paralyse nearby enemies.
You have a somewhat thin skeletal structure. (Dex +2, Stealth+)
Your body sometimes deteriorates upon taking damage.
You passively map a small area around you.


Message History

The gnoll completely misses you. The gnoll closely misses you.
The gnoll hits you with a +0 club.
* * * LOW HITPOINT WARNING * * *
The gnoll barely misses you. The black bear bites you.
* * * LOW HITPOINT WARNING * * *
The black bear claws you but does no damage.
The black bear barely misses you.
You see here a +0 flail.
You slash the black bear!
The black bear is moderately wounded.
The gnoll barely misses you. The gnoll hits you with a +0 club.
The gnoll barely misses you. The black bear bites you.
* * * LOW HITPOINT WARNING * * *
The black bear barely misses you. x2
The gnoll hits you from afar with a +0 spear.
* * * LOW HITPOINT WARNING * * *
You hit the black bear but do no damage.
The black bear is moderately wounded.
The gnoll hits you with a +0 vampiric whip.
The gnoll misses you. The gnoll closely misses you. The black bear misses you.
The black bear claws you.
* * * LOW HITPOINT WARNING * * *
The black bear claws you.
* * * LOW HITPOINT WARNING * * *
The gnoll hits you from afar with a +0 spear.
* * * LOW HITPOINT WARNING * * *
You slash the black bear!
The black bear is almost dead.
The gnoll barely misses you. The gnoll hits you with a +0 club.
* * * LOW HITPOINT WARNING * * *
The gnoll hits you with a +0 halberd!
* * * LOW HITPOINT WARNING * * *
The black bear goes berserk!
The gnoll barely misses you. The gnoll closely misses you.
The gnoll hits you with a +0 vampiric whip.
* * * LOW HITPOINT WARNING * * *
You hit the black bear.
The black bear is almost dead.
The black bear bites you!
You die...

.......... , ,
.......... , ,
.......... , ,
.......... ,
.......... * , ,
.........$ ,
#############+##+####
#...gg..............+
, ,
#...@hg.............#
#....g.........?....#
*
########+#########.##
,, ,,, , #.## , #...
, , , , #g.. , , ,,
,, ,#### , ,, * , ,#
,, , ,#


You could see a black bear (berserk) and 4 gnolls.

Vanquished Creatures
  A scorpion (D:4)
  A hound (D:4)
  An orc priest (D:4)
  An iguana (D:5)
  2 sleepcaps (D:4)
  An orc wizard (D:4)
  6 adders
  4 gnolls
  4 dart slugs
  15 orcs (D:4)
  4 bats
  7 endoplasms
  3 giant cockroaches
  8 hobgoblins
  4 jackals (D:2)
  A quokka (D:2)
  7 ball pythons
  A frilled lizard (D:3)
  6 goblins
  8 kobolds
  6 rats
91 creatures vanquished.

Notes
Turn   | Place    | Note
-------+----------+-------------------------------------------
     0 | D:1      | Strat the Demonspawn Gladiator began the quest for the Orb.
     0 | D:1      | Reached XP level 1. HP: 16/16 MP: 1/1
    54 | D:1      | Found Ewieri's Antique Weapon Boutique.
    65 | D:1      | Reached skill level 3 in Long Blades
   192 | D:1      | Gained mutation: Spells you cast may paralyse adjacent
                  | enemies. [demonic ancestry]
   192 | D:1      | Reached XP level 2. HP: 22/22 MP: 2/2
   240 | D:1      | Found Gigryfow's Antique Armour Shop.
   495 | D:1      | Reached XP level 3. HP: 24/27 MP: 3/3
   510 | D:1      | Found a faded altar of an unknown god.
   666 | D:2      | Reached skill level 4 in Long Blades
   667 | D:2      | Gained mutation: Your body sometimes deteriorates upon
                  | taking damage. [potion of mutation]
   667 | D:2      | Gained mutation: You passively map a small area around you.
                  | [potion of mutation]
   667 | D:2      | Gained mutation: You have a somewhat thin skeletal
                  | structure. (Dex +2, Stealth+) [potion of mutation]
  1129 | D:2      | Reached XP level 4. HP: 8/33 MP: 1/4
  2026 | D:3      | Reached skill level 5 in Long Blades
  2303 | D:3      | Found a burning altar of Makhleb.
  2634 | D:4      | Gained mutation: You have sharp fingernails. [demonic
                  | ancestry]
  2634 | D:4      | Reached XP level 5. HP: 23/39 MP: 3/5
  2751 | D:4      | Found a stormy altar of Qazlal.
  3220 | D:4      | Gained mutation: Spells you cast may paralyse nearby
                  | enemies. [demonic ancestry]
  3220 | D:4      | Reached XP level 6. HP: 35/47 MP: 6/6
  3538 | D:5      | Entered Level 5 of the Dungeon
  3815 | D:5      | Reached skill level 6 in Long Blades
  3979 | D:5      | You fall into a shaft and drop 3 floors!
  4005 | D:8      | Found Mamepha's Assorted Antiques.
  4043 | D:8      | Mangled by a black bear

Illustrated notes

Levels and vault maps discovered:
D:1:      ebering_trefoil_3fold, layout_basic, serial_shops,
          nicolae_shop_pleasant_corner_grove, nicolae_shop_tiny_statue_garden,
          serial_curves, eino_curves_01, eino_curves_04,
          ebering_ecumenical_altar_webs
D:2:      layout_basic, minmay_tetromino_t4
D:3:      wander_river, layout_basic, mainiacjoe_overflow_24_doors
D:4:      layout_basic, kennysheep_mini_moat, hangedman_minor_gate_pass
D:5:      layout_loops_ring, nicolae_fountain_basement
D:8:      layout_gridville, nicolae_uskayaw_murder_on_the_dancefloor,
          minmay_shop_grid_forest, minmay_sticks_and_stones

Skill      XL: |  1  2  3  4  5  6 |
---------------+-------------------+-----
Long Blades    | 3 4 5 6 |  6.1
Fighting       | 3 4 |  4.0
Throwing       | |  1.7
Dodging        | |  2.6

Action                     |  1- 3 |  4- 6 || total
---------------------------+-------+-------++-------
  Melee: Long sword        |   100 |   204 ||   304
         Punch             |     1 |     2 ||     3
    Use: Potion            |     2 |     2 ||     4
         Scroll            |       |     9 ||     9
   Stab: Sleeping          |     1 |     5 ||     6
 Armour: Leather armour    |    34 |    41 ||    75
         Ring mail         |       |    25 ||    25
  Dodge: Dodged            |    62 |   152 ||   214
